[Event "Late-Titled-Tuesday-Blitz-December-26-2023"]
[Site "Chess.com"]
[Date "2023.12.26"]
[Round "8"]
[White "GABUZYAN_CHESSMOOD"]
[Black "Jospem"]
[Result "0-1"]
[WhiteElo "2900"]
[BlackElo "3072"]
[TimeControl "180+1"]
[EndTime "15:28:51 PST"]
[Termination "Jospem won by resignation"]

1. e4 c5 2. Nc3 d6 3. d4 cxd4 4. Qxd4 Nc6 5. Qd2 e6 6. b3 d5 7. exd5 exd5 8. Qxd5 Qf6 9. Bd2 Bb4 10. Qf3 Qe5+ 11. Qe2 Nf6 12. Nf3 Qxe2+ 13. Bxe2 O-O 14. a3 Ba5 15. O-O-O Bf5 16. Bc4 Rac8 17. Kb2 Bb6 18. Be3 Bxe3 19. fxe3 Rfe8 20. Rhe1 Bg6 21. e4 Ng4 22. h3 Nge5 23. Bd5 Bh5 24. Nb5 Re7 25. Nxe5 Nxe5 26. g4 Bg6 27. Nd6 Rb8 28. Nf5 Rc7 29. c4 h6 30. Rf1 Kh7 31. Rf4 f6 32. Nd4 Be8 33. Rff1 Bd7 34. Nf3 Ng6 35. e5 fxe5 36. Be4 Bc6 37. Bxg6+ Kxg6 38. Nxe5+ Kh7 39. Nxc6 bxc6 40. Kc3 a5 41. Rd3 Rcb7 42. Kc2 Re7 43. Rfd1 Re4 44. Rd4 Re3 45. R1d3 Re2+ 46. Rd2 Re3 47.
R4d3 Re4 48. Rd6 a4 49. b4 Rxc4+ 50. Kd3 Rc1 51. Rc2 Rd1+ 52. Rd2 Ra1 53. Rxc6 Rxa3+ 54. Kc4 Rb3 55. Rc7 R8xb4+ 56. Kc5 Rb5+ 57. Kc4 Rg5 58. Rd3 Rxd3 59. Kxd3 Ra5 60. Kc2 a3 61. Kb1 a2+ 62. Ka1 Ra3 63. h4 Ra4 64. g5 h5 65. Rc6 Rxh4 66. Kxa2 Rg4 67. Kb3 Rxg5 68. Kc3 Rg6 69. Rc5 Kh6 70. Kd3 Rf6 71. Ke3 g5 72. Ke4 h4 73. Rc8 Kh5 74. Ke5 Rf1 75. Rh8+ Kg4 76. Ke4 Re1+ 77. Kd3 Re7 78. Kd2 Kg3 79. Rg8 g4 80.
Ra8 h3 81. Ra3+ Kh4 82. Ra4 h2 83. Ra8 Kg3 84. Ra3+ Kg2 0-1

[Event "Late-Titled-Tuesday-Blitz-December-26-2023"]
[Site "Chess.com"]
[Date "2023.12.26"]
[Round "8"]
[White "cthulhuuu"]
[Black "Walter_White_Poland"]
[Result "1/2-1/2"]
[WhiteElo "2449"]
[BlackElo "2297"]
[TimeControl "180+1"]
[EndTime "15:28:53 PST"]
[Termination "Game drawn by repetition"]

1. e4 e5 2. Nf3 Nc6 3. Bb5 a6 4. Bxc6 dxc6 5. O-O Bg4 6. h3 h5 7. d3 Qf6 8. Nbd2 Ne7 9. Re1 Ng6 10. d4 Bd6 11. hxg4 hxg4 12. Nh2 Rxh2 13. Qxg4 Rh4 14. Qg3 Qf4 15. Qxf4 exf4 16. Nf3 Rh5 17. e5 Be7 18. Kf1 O-O-O 19. Bd2 c5 20. c3 cxd4 21. cxd4 Rd5 22.
Rac1 Rb5 23. b3 Kd7 24. Re4 c6 25. Ke2 Ke6 26. Bxf4 Kf5 27. Ke3 a5 28. Rg1 Ke6 29.
Kd3 Kd5 30. Bd2 a4 31. Rb1 axb3 32. axb3 c5 33. dxc5 Bxc5 34. Nd4 Bxd4 35. Rxd4+ Kxe5 36.
Re1+ Kf6 37. Rd6+ Kf5 38. Kc4 Re5 39. Rg1 Re2 40. g4+ Ke5 41. gxh5 Kxd6 42. hxg6 Rxd2 43. gxf7 Rxf2 44. Rxg7 Ke7 45. Rh7 Kf8 46. Kb5 Rf6 47. b4 Re6 48. Kc5 Rf6 49. b5 Rg6 50. Rh8+ Kxf7 51. Rb8 Ke7 52. Rxb7+ Kd8 53. Rf7 Kc8 54. Re7 Kb8 55. Rd7 Rg8 56. Rd6 Rh8 57. Kc6 Rg8 58. Kb6 Rh8 59. Ka6 Rg8 60. Rb6+ Ka8 61. Re6 Rf8 62.
b6 Rg8 63. Rc6 Kb8 64. Re6 Rf8 65. Rd6 Rg8 66. Rc6 Rf8 67. b7 Rg8 68. Kb6 Rf8 69.
Ka6 Rg8 70. Kb6 Rf8 71. Rc5 Rf6+ 72. Rc6 Rf8 1/2-1/2

[Event "Late-Titled-Tuesday-Blitz-December-26-2023"]
[Site "Chess.com"]
[Date "2023.12.26"]
[Round "8"]
[White "Nf3c5"]
[Black "GP9isback23"]
[Result "0-1"]
[WhiteElo "2511"]
[BlackElo "2644"]
[TimeControl "180+1"]
[EndTime "15:28:59 PST"]
[Termination "GP9isback23 won by resignation"]

1. d4 Nf6 2. Nf3 e6 3. e3 b6 4.
Bd3 Bb7 5. O-O Be7 6. c4 O-O 7. Nc3 d5 8. cxd5 exd5 9. b3 c5 10. Bb2 Nbd7 11. Rc1 Bd6 12. Ne2 Qe7 13. Ng3 g6 14.
dxc5 bxc5 15. Re1 Rfd8 16. Qe2 Rac8 17. Ba6 Bxa6 18. Qxa6 Rc7 19. Red1 Rdc8 20. e4 d4 21. b4 h5 22. bxc5 Nxc5 23. Qc4 Ncxe4 24. Qxd4 Rxc1 25.
Bxc1 Bc5 26. Qe5 Bxf2+ 27. Kf1 Nxg3+ 28. hxg3 Qxe5 29. Nxe5 Bxg3 30. Nf3 Ng4 31. Bg5 f6 32. Bd2 Rd8 33. Ke2 Kf7 34. Rb1 Rd7 35. Rb5 Ne5 36.
Be3 Nxf3 37. Kxf3 Be5 38. Ra5 Bb8 39. Ra6 g5 40. Ke4 Kg6 41. Bd4 Rf7 42. a4 h4 43.
Kd5 g4 44. Ke4 h3 45. gxh3 gxh3 46. Kf3 Kg5 47. Be3+ Kg6 48. Ra5 Rh7 49. Bg1 h2 50. Bxh2 Bxh2 51. Rb5 Be5 52. a5 Rc7 53. Ke4 Kf7 54.
Kd5 Ke7 55. a6 Rd7+ 56. Ke4 Ke6 57. Rb1 f5+ 58. Ke3 Rd6 59. Rh1 Rxa6 60. Rh6+ Bf6 61. Kd3 Ra4 62. Ke3 Re4+ 63. Kd3 a5 64. Rh7 a4 65. Ra7 Ke5 66. Ra5+ Kf4 67. Ra6 Be5 68. Ra8 Kf3 69. Kd2 Bg3 70. Rf8 f4 71. Ra8 Rd4+ 72. Kc3 Re4 73. Kd3 Re3+ 74. Kd4 Kg2 75. Rxa4 Re2 76.
Ra8 f3 77. Kd3 Re7 78. Rf8 f2 79. Kd2 f1=Q 0-1

[Event "Late-Titled-Tuesday-Blitz-December-26-2023"]
[Site "Chess.com"]
[Date "2023.12.26"]
[Round "8"]
[White "yosephtaher"]
[Black "BogdanDeac"]
[Result "0-1"]
[WhiteElo "2926"]
[BlackElo "3013"]
[TimeControl "180+1"]
[EndTime "15:29:06 PST"]
[Termination "BogdanDeac won by resignation"]

1. e4 c5 2. Nc3 d6 3. g3 g6 4. Bg2 Bg7 5. d3 Nc6 6. Be3 e6 7. Nge2 Nge7 8. d4 cxd4 9. Nxd4 a6 10. Qd2 Ne5 11. b3 Ng4 12. Rd1 Nxe3 13. Qxe3 Qc7 14. O-O O-O 15. a4 Rb8 16. Rc1 Qc5 17. Rfd1 Rd8 18.
Nce2 b5 19. axb5 axb5 20. c4 bxc4 21. Rxc4 Qb6 22. b4 e5 23. Nc2 Ba6 24. Rc3 Qxe3 25. Rxe3 Bh6 26. f4 Bxe2 27. Rxe2 exf4 28. gxf4 Bxf4 29.
h3 Rdc8 30. Rb1 Be5 31. Kf1 Rc3 32. Ne3 Bd4 33. Nd1 Rc4 34. b5 Rc5 35. b6 Rc6 36. b7 Rc7 37. e5 d5 38. Rd2 Bxe5 39. Bxd5 Bf4 40. Rd4 Nxd5 41. Rxd5 Rcxb7 42. Rxb7 Rxb7 43. Nf2 Kg7 44. Rd3 Rb1+ 45. Kg2 Rb2 46. Kf3 Bc7 47.
Ne4 h6 48. Rd7 Rc2 49. h4 Rc4 50. h5 g5 51. Ke3 Bf4+ 52. Kd3 Rc6 53. Ke2 Re6 54.
Kf3 Kf8 55. Ra7 Rc6 56. Rb7 f5 57. Nf2 Rc3+ 58. Ke2 Re3+ 59. Kf1 Rf3 60. Ke2 Re3+ 61. Kf1 Be5 62. Rb6 Bg7 63. Kg2 Kf7 64. Rb7+ Re7 65.
Rb5 Re5 66. Rb7+ Kg8 67. Rb6 Kh7 68. Nd3 Rd5 69. Nb4 Rd2+ 70. Kf3 Rb2 71. Rb7 Kg8 72. Ke3 Rb3+ 73. Kd2 g4 74. Kc2 Rb2+ 75. Kd3 g3 76.
Rb8+ Kh7 0-1

[Event "Late-Titled-Tuesday-Blitz-December-26-2023"]
[Site "Chess.com"]
[Date "2023.12.26"]
[Round "8"]
[White "Giorno"]
[Black "C_K_G"]
[Result "1/2-1/2"]
[WhiteElo "2527"]
[BlackElo "2073"]
[TimeControl "180+1"]
[EndTime "15:29:10 PST"]
[Termination "Game drawn by repetition"]

1. d4 d5 2. c4 e6 3. Nf3 Nf6 4. e3 c6 5. Nc3 Nbd7 6. cxd5 exd5 7.
Bd3 Bd6 8. O-O O-O 9. e4 dxe4 10.
Nxe4 Nxe4 11. Bxe4 Nf6 12. Bc2 Bg4 13. Bg5 h6 14.
Be3 Qd7 15. Re1 Rfe8 16. Bd3 Nd5 17. h3 Bh5 18. a3 Re7 19. Kh1 Rae8 20. g4 Bxg4 21. hxg4 Qxg4 22. Ne5 Qh3+ 23. Kg1 Bxe5 24. dxe5 Rxe5 25. Bf1 Qh4 26. Bg2 Nf4 27. Qf3 g5 28.
Red1 Rf5 29. Bxf4 Rxf4 30. Qg3 Qh5 31. f3 Qg6 32. Re1 Qf6 33. Rxe8+ Kg7 34. Re2 h5 35. Rae1 h4 36. Qh3 Rf5 37. Kh1 b5 38. Rg1 Kf8 39.
Re4 a5 40. Rg4 c5 41. f4 gxf4 42. Rxh4 b4 43. axb4 axb4 44. Bf3 Rg5 45. Rxg5 Qxg5 46. Rh8+ Kg7 47. Qh4 Qg6 48. Qh7+ Qxh7+ 49. Rxh7+ Kxh7 50. b3 Kg7 51. Kg2 Kf6 52. Kf2 Ke5 53. Be2 Ke4 54. Bc4 f6 55. Ke2 f3+ 56. Kf2 Kf4 57. Bd5 Ke5 58. Bxf3 Kd4 59. Be2 Kc3 60. Bc4 Kd4 61.
Kf3 Ke5 62. Ke3 f5 63. Bd3 f4+ 64. Kf3 Kd4 65. Bc4 Ke5 66. Bg8 Kf5 67. Bh7+ Ke5 68.
Be4 c4 69. bxc4 b3 70. Bb1 Kd4 71. Kxf4 Kxc4 72. Be4 Kc3 73. Bf5 b2 74. Be4 Kd2 75. Bf5 Kc3 76. Be4 Kd4 77. Bf5 Kc3 1/2-1/2

[Event "Late-Titled-Tuesday-Blitz-December-26-2023"]
[Site "Chess.com"]
[Date "2023.12.26"]
[Round "8"]
[White "frederiksvane"]
[Black "BilodeauA"]
[Result "1-0"]
[WhiteElo "2972"]
[BlackElo "2885"]
[TimeControl "180+1"]
[EndTime "15:29:28 PST"]
[Termination "frederiksvane won by resignation"]

1. e4 e5 2. Nf3 Nc6 3. Bc4 Bc5 4. c3 Nf6 5. d3 d6 6. O-O O-O 7. Bg5 Bb6 8. Nbd2 h6 9. Bh4 g5 10. Bg3 Kg7 11. Bb3 Ng8 12. Kh1 Nge7 13. Nc4 Be6 14.
d4 Bxc4 15. Bxc4 Ng6 16. Bd5 Qf6 17. a4 a5 18. h3 Rab8 19. dxe5 dxe5 20. Nd2 Nce7 21. Nc4 Rfd8 22. Qb3 Bc5 23. Nxa5 c6 24. Bc4 b6 25. Nxc6 Nxc6 26. Qc2 Nce7 27. Rfd1 Nf4 28. b4 Bd6 29. Bf1 Neg6 30. a5 bxa5 31. Rxa5 Bc7 32. Ra6 Qe7 33. Ra7 Rxd1 34. Qxd1 Rd8 35. Qb1 Qd6 36. c4 Qd1 37. Ra1 Qd4 38. c5 Rb8 39. Ra7 Rxb4 40. Qa2 Qxc5 41. Kh2 Ne6 42. f3 Bb6 43.
Be1 Bxa7 44. Bxb4 Qg1+ 45. Kg3 Qf2+ 46. Qxf2 Bxf2+ 47. Kxf2 h5 48. Ke3 h4 49. Bc3 Nef4 50.
Bb2 Kf6 51. Kf2 Nf8 52. Bc4 N8g6 53. Bf1 Nh5 54. Bc1 Ngf4 55. Bc4 Ng3 56. Be3 Ngh5 57. Bb6 Kg7 58. Bd8 f6 59. Bb6 Ng6 60. Be3 Nhf4 61. Bc5 Nh8 62. Bf1 Nf7 63. g3 hxg3+ 64. Kxg3 Nh8 65. Kg4 Nf7 66. Bf2 Nh6+ 67. Kg3 Kg6 68. h4 Nh5+ 69. Kh3 Nf4+ 70. Kg3 Nf7 71. hxg5 Nxg5 72. Be3 Nh5+ 73. Kf2 Nf4 74. Kg3 Nge6 75. Bc4 Ng5 76. Kg4 Nh5 77. Bb5 Ng7 78. Bd7 N5e6 79.
Bc8 Kf7 80. Bd2 Kg6 81. Be3 Kf7 82. Bb7 Kg6 83. Bd5 Kf7 84. Kg3 Kg6 85. Kf2 Nf4 86. Bc6 Nge6 87. Bd7 Ng5 88. Kg3 Ne2+ 89. Kg4 Nd4 90. f4 Nxe4 91. Bxd4 exf4 92. Bf5+ Kh6 93. Bxe4 f5+ 94. Kxf5 1-0

[Event "Late-Titled-Tuesday-Blitz-December-26-2023"]
[Site "Chess.com"]
[Date "2023.12.26"]
[Round "8"]
[White "AkatsukiLogHorizon"]
[Black "fugadelafuga"]
[Result "1-0"]
[WhiteElo "2247"]
[BlackElo "2423"]
[TimeControl "180+1"]
[EndTime "15:29:29 PST"]
[Termination "AkatsukiLogHorizon won by resignation"]

1. e4 e5 2. Nf3 Nc6 3. d4 exd4 4. Nxd4 Nf6 5. Nxc6 bxc6 6. e5 Qe7 7. Qe2 Nd5 8. c4 Ba6 9. b3 g6 10. f4 Bg7 11.
Qe4 Nb6 12. Nc3 O-O 13. Bb2 d6 14. O-O-O dxe5 15. fxe5 Qxe5 16. Qxc6 Rad8 17. Bd3 Bc8 18. Rhe1 Qxh2 19. Ne2 Bxb2+ 20. Kxb2 Qe5+ 21. Nc3 Qg5 22. Ne4 Qe5+ 23. Nc3 Qd6 24. Qf3 Qb4 25. Ne4 Na4+ 26. Ka1 Bb7 27. bxa4 Bxe4 28. Bxe4 Rb8 29. Rb1 Qxc4 30. Qd3 Qxa4 31. Rxb8 Rxb8 32. Rb1 Rxb1+ 33. Kxb1 Qa5 34. Kb2 Qb4+ 35. Kc2 Qc5+ 36. Kd2 Qf2+ 37.
Qe2 Qf4+ 38. Kd3 Qd6+ 39. Kc3 Qa3+ 40. Kc4 Qa4+ 41. Kd5 Qa5+ 42. Kd4 Qa4+ 43. Ke3 Qa3+ 44. Bd3 Qc5+ 45. Kd2 Qb4+ 46. Ke3 Qe7+ 47. Kf3 Qf6+ 48. Kg3 Qg5+ 49. Qg4 Qe3+ 50. Qf3 Qe5+ 51. Kf2 Qb2+ 52. Qe2 Qb6+ 53. Kf3 Qf6+ 54. Ke4 Qe6+ 55. Kd4 Qd6+ 56. Kc3 Qc5+ 57. Bc4 Qa5+ 58. Kb2 c5 59. Qe8+ Kg7 60.
Qxf7+ Kh6 61. Qf4+ Kg7 62. Qe5+ Kh6 63. Qe3+ Kg7 64.
Qc3+ Qxc3+ 65. Kxc3 Kf6 66. Bd5 Ke5 67. Bf3 g5 68. Kc4 Kf4 69. Kxc5 g4 70. Bd5 h5 71. a4 h4 72. a5 Ke5 73. a6 Kf6 74. Kc6 Ke5 75. Kc5 Kf6 76. Be4 Ke5 77. Ba8 g3 78.
Kc4 Kd6 79. Kd3 Kc7 80. Bb7 Kb6 81. Ke3 h3 82. gxh3 g2 83. Kf2 g1=Q+ 84. Kxg1 Kc7 85. Kg2 Kd6 86. Kg3 Ke5 87. Kg4 Kf6 88. Kf4 Kg7 89. Bc8 Kf6 90. Bf5 Kg7 91. Ke5 Kf8 92. Kd6 Kg7 93. Kc7 1-0

[Event "Late-Titled-Tuesday-Blitz-December-26-2023"]
[Site "Chess.com"]
[Date "2023.12.26"]
[Round "8"]
[White "gxbg2000"]
[Black "johnmez"]
[Result "1-0"]
[WhiteElo "2019"]
[BlackElo "2282"]
[TimeControl "180+1"]
[EndTime "15:29:51 PST"]
[Termination "gxbg2000 won by checkmate"]

1. e4 e6 2. d4 d5 3. Nc3 Bb4 4. a3 Bxc3+ 5. bxc3 dxe4 6. Qg4 Nf6 7. Qxg7 Rg8 8. Qh6 Nbd7 9. Bb2 b6 10. Ne2 Bb7 11. Ng3 Qe7 12. O-O-O O-O-O 13. Rg1 Kb8 14. h3 c5 15. Bb5 Ka8 16. Bxd7 Nxd7 17. Qe3 f5 18. a4 Rc8 19. Ne2 Nf6 20. c4 Ba6 21. Qc3 cxd4 22. Qxd4 Rgf8 23. Qd6 Qxd6 24. Rxd6 Bxc4 25. Nf4 Bb3 26. Nxe6 Bxc2 27. Nxf8 Bxa4+ 28. Kb1 Bc2+ 29. Ka2 Ne8 30. Rd2 Bd3 31. Nd7 Nd6 32. Rc1 Nc4 33.
Rxc4 Bxc4+ 34. Ka3 Be6 35. Ne5 Kb7 36. Rd6 Bg8 37.
Rd7+ Rc7 38. Rxc7+ Kxc7 39. Kb4 a5+ 40. Kb5 Bd5 41.
Bd4 Kd6 42. Kxb6 a4 43. g3 a3 44. Kb5 a2 45. Kb4 Ke6 46. Ka3 h5 47. h4 Kd6 48.
Kb2 Ke6 49. Ng6 Kd6 50. Nf4 Bf7 51. Bc3 Kc6 52. Kc1 Kb5 53. Kb2 Kc4 54. Bf6 Kb4 55. Ne2 Kc4 56. Nc1 Kb4 57. Nxa2+ Kc4 58. Nc1 Kd5 59.
Kc2 Kc4 60. Be5 Kd5 61. Bf4 Ke6 62. Kd2 Kf6 63. Ke3 Ke6 64. Ne2 Kd5 65. Nd4 Bg6 66.
Ne2 Ke6 67. Nc3 Bf7 68. Kd4 Kf6 69. Nd5+ Kg6 70. Ne3 Kf6 71. Be5+ Kg6 72. Bf4 Be6 73. Kc5 Kf7 74. Kd6 Ba2 75. Ke5 Kg6 76. Nxf5 Bb1 77. Ne3 Bd3 78. Nd5 Bb1 79. Kd4 Bc2 80. Nc3 Bb1 81. Nxe4 Bc2 82. Nd2 Ba4 83. Ke5 Bd7 84. f3 Be8 85. Be3 Bc6 86. Ne4 Bd7 87. Nf2 Bc6 88.
g4 Bxf3 89. g5 Be2 90. Ne4 Bf3 91. Bd4 Be2 92. Nf6 Bf1 93. Ne8 Be2 94. Nd6 Bd1 95. Ne4 Bc2 96. Ng3 Bd1 97. Ne4 Bg4 98. Kf4 Bd1 99.
Nf6 Bc2 100. Nd7 Bd1 101. Ne5+ Kh7 102. Kf5 Bc2+ 103. Kf6 Bd1 104. g6+ Kh6 105. Nf7# 1-0

[Event "Late-Titled-Tuesday-Blitz-December-26-2023"]
[Site "Chess.com"]
[Date "2023.12.26"]
[Round "8"]
[White "Maect19"]
[Black "koncheto"]
[Result "1/2-1/2"]
[WhiteElo "2372"]
[BlackElo "2526"]
[TimeControl "180+1"]
[EndTime "15:30:05 PST"]
[Termination "Game drawn by repetition"]

1. Nf3 Nf6 2. c4 e6 3. Nc3 c5 4.
b3 b6 5. Bb2 Bb7 6. e3 Be7 7. Be2 O-O 8. O-O Nc6 9. d4 cxd4 10.
exd4 d5 11. a3 Rc8 12. Rc1 dxc4 13. bxc4 Qd7 14. d5 exd5 15. Nxd5 Nxd5 16. Qxd5 Qxd5 17. cxd5 Na5 18. Rfd1 Rxc1 19. Rxc1 Bxd5 20. Rc7 Bc5 21. Rxa7 Nc4 22. Bxc4 Bxc4 23. Ne5 Rd8 24. h3 Be6 25. Nf3 Rd1+ 26. Kh2 Bd6+ 27. Be5 Bxe5+ 28. Nxe5 g6 29. Rb7 Rd2 30. Kg3 Rd5 31. Nc6 Rd3+ 32. f3 Rxa3 33. Rxb6 Ra1 34. Nd4 Bc4 35. Nc2 Ra2 36. Ne3 Be6 37.
Rb4 h5 38. h4 Ra3 39. Re4 Bd7 40. Re5 Ra2 41. Nd5 Kg7 42. Re7 Bb5 43. Ne3 Kf6 44.
Nd5+ Kg7 45. Ne3 Re2 46. Nd5 Rd2 47. Ne3 Kf6 48. Rb7 Ba4 49. Rb6+ Kg7 50. Rb4 Bd7 51.
Re4 f5 52. Rb4 Kf6 53. f4 Rd3 54. Kf2 Kf7 55. Rb7 Ke6 56. Rb6+ Kf7 57. Rb7 Kf8 58.
Rb8+ Kg7 59. Rb7 Kh6 60. Rb8 Bc6 61. Rc8 Bb7 62. Rc7 Rd2+ 63. Kf1 Rb2 64. Re7 Be4 65. g3 Rb3 66. Kf2 Rb2+ 67. Kf1 Bf3 68. Nc4 Rb8 69. Ne5 Bd5 70. Nf7+ Kg7 71. Ng5+ Kf6 72. Rc7 Rb3 73. Kf2 Rb2+ 74. Kf1 Rb3 75. Kf2 Rb6 76. Rd7 Bg8 77. Rd8 Bc4 78. Rf8+ Ke7 79. Ra8 Kd6 80. Ra7 Kc5 81. Re7 Kd4 82. Re5 Bd5 83. Nf3+ Kc5 84.
Ng5 Rb2+ 85. Kf1 Kd4 86. Ne6+ Kc4 87. Ng5 Rh2 88. Ne6 Rh3 89. Kf2 Rh2+ 90. Kf1 Bf3 91.
Ng5 Bg4 92. Re3 Rc2 93. Ra3 Kd4 94. Ra4+ Ke3 95. Ra3+ Kd4 96. Ra4+ Kd5 97. Ra3 Rc4 98. Kf2 Kd4 99. Kf1 Rc1+ 100. Kf2 Rc2+ 101. Kf1 Rc4 102. Kf2 Bd1 103. Kf1 Bg4 104. Kf2 Kc5 105. Kf1 Kb4 106. Re3 Rc6 107. Kf2 Kc4 108. Kf1 Kd4 109. Ra3 Rc2 1/2-1/2

[Event "Late-Titled-Tuesday-Blitz-December-26-2023"]
[Site "Chess.com"]
[Date "2023.12.26"]
[Round "9"]
[White "thechesscorner64"]
[Black "Alex_Banzea"]
[Result "0-1"]
[WhiteElo "2439"]
[BlackElo "2617"]
[TimeControl "180+1"]
[EndTime "15:38:20 PST"]
[Termination "Alex_Banzea won by resignation"]

1. e4 c6 2. Nf3 d5 3. d3 g6 4. Nbd2 Bg7 5. g3 Nh6 6. Bg2 O-O 7. O-O f6 8. Re1 Nf7 9. c3 e5 10. b4 a5 11. bxa5 Qxa5 12. Qc2 Be6 13. a4 Nd7 14. Nb3 Qc7 15. a5 Rfe8 16. Ba3 f5 17. Ng5 Nxg5 18.
exd5 Bxd5 19. Bxd5+ cxd5 20. c4 Nf3+ 0-1

[Event "Late-Titled-Tuesday-Blitz-December-26-2023"]
[Site "Chess.com"]
[Date "2023.12.26"]
[Round "9"]
[White "Nick12772"]
[Black "b_6"]
[Result "0-1"]
[WhiteElo "2296"]
[BlackElo "2376"]
[TimeControl "180+1"]
[EndTime "15:38:38 PST"]
[Termination "b_6 won by resignation"]

1. Nf3 Nf6 2. g3 g6 3. Bg2 Bg7 4. O-O O-O 5. c4 d6 6. Nc3 e5 7. d3 c6 8. Rb1 a5 9. a3 Re8 10. e4 Bg4 11. b4 axb4 12. axb4 Nbd7 13. b5 Nc5 14. Bg5 Ne6 15. Bxf6 Qxf6 16. h3 Bxf3 17.
Qxf3 Qxf3 18. Bxf3 Ra3 19. Rfc1 Bh6 20. bxc6 bxc6 0-1

[Event "Late-Titled-Tuesday-Blitz-December-26-2023"]
[Site "Chess.com"]
[Date "2023.12.26"]
[Round "9"]
[White "Fore_Man"]
[Black "Jesusesmifuerza"]
[Result "1-0"]
[WhiteElo "2387"]
[BlackElo "2202"]
[TimeControl "180+1"]
[EndTime "15:39:05 PST"]
[Termination "Fore_Man won by resignation"]

1. Nf3 d5 2. d4 Nf6 3. g3 e6 4. Bg2 c5 5. O-O Nc6 6. Bg5 cxd4 7. Nxd4 Nxd4 8. Qxd4 Be7 9. c4 dxc4 10. Qxc4 O-O 11. Nc3 h6 12. Bf4 g5 13. Bc7 Qe8 14. Nb5 a6 15. Nd6 Bxd6 16. Bxd6 Bd7 17. Bxf8 Qxf8 18.
Bxb7 Rb8 19. Bg2 Rxb2 20. Qd4 Qb4 21. Qxf6 Bb5 22. Qxh6 Rxe2 23. Qxg5+ Kf8 24. Rac1 Rxa2 25. Rc8+ Be8 26. Bc6 1-0

[Event "Late-Titled-Tuesday-Blitz-December-26-2023"]
[Site "Chess.com"]
[Date "2023.12.26"]
[Round "9"]
[White "Balla_Tamas"]
[Black "VitorBronson"]
[Result "0-1"]
[WhiteElo "2424"]
[BlackElo "2539"]
[TimeControl "180+1"]
[EndTime "15:39:40 PST"]
[Termination "VitorBronson won by resignation"]

1. e4 c5 2. c3 Nf6 3. e5 Nd5 4.
d4 e6 5. Nf3 cxd4 6. cxd4 Be7 7. a3 O-O 8. Bd3 Nc6 9. O-O b6 10. Qe2 Bb7 11. Qe4 f5 12. exf6 Nxf6 13. Qe2 Qe8 14. Nc3 Qh5 15. Bf4 Nd5 16. Nxd5 Qxd5 17. Be4 Nxd4 18. Qd2 Qxe4 0-1

[Event "Late-Titled-Tuesday-Blitz-December-26-2023"]
[Site "Chess.com"]
[Date "2023.12.26"]
[Round "9"]
[White "alertakobra"]
[Black "Bryanl106"]
[Result "0-1"]
[WhiteElo "2435"]
[BlackElo "2563"]
[TimeControl "180+1"]
[EndTime "15:40:18 PST"]
[Termination "Bryanl106 won on time"]

1. e4 e5 2. Nf3 Nc6 3. d4 exd4 4. Nxd4 Bb4+ 5. c3 Bc5 6. Nb3 Bb6 7. Bd3 Nf6 8. a4 a6 9. Na3 d6 10. Nc4 Ba7 11. O-O h6 12. Be3 O-O 13. Bxa7 Rxa7 14. a5 Be6 15. Re1 d5 16. exd5 Bxd5 17. Ne3 Bxb3 18.
Qxb3 Qxd3 0-1

[Event "Late-Titled-Tuesday-Blitz-December-26-2023"]
[Site "Chess.com"]
[Date "2023.12.26"]
[Round "9"]
[White "elchacal664"]
[Black "TST2014"]
[Result "0-1"]
[WhiteElo "2324"]
[BlackElo "2595"]
[TimeControl "180+1"]
[EndTime "15:40:57 PST"]
[Termination "TST2014 won on time"]

1. e4 c5 2. c3 Nf6 3. e5 Nd5 4. d4 cxd4 5. Nf3 Nc6 6. cxd4 d6 7. exd6 Qxd6 8. Nc3 g6 9. Be2 Bg7 10. O-O O-O 11. h3 b6 12. Be3 Bb7 13. Rc1 Rfd8 14.
Qb3 Na5 15. Qa4 Rac8 16. Rfd1 Nxe3 17. fxe3 Bh6 18. Kf2 Qe6 0-1

[Event "Late-Titled-Tuesday-Blitz-December-26-2023"]
[Site "Chess.com"]
[Date "2023.12.26"]
[Round "9"]
[White "laskakid"]
[Black "ural58"]
[Result "1/2-1/2"]
[WhiteElo "2365"]
[BlackElo "2470"]
[TimeControl "180+1"]
[EndTime "15:40:58 PST"]
[Termination "Game drawn by repetition"]

1. d4 d5 2. c4 e5 3. dxe5 d4 4. Nf3 Nc6 5. Nbd2 a5 6. Nb3 Bg4 7. Nbxd4 Bc5 8. Nxc6 Bxf2+ 9. Kxf2 Qxd1 10. Ncd4 O-O-O 11. e3 Ne7 12. b3 Bxf3 13. gxf3 Rxd4 14.
Bh3+ Kb8 15. Rxd1 Rxd1 16. Bf1 Rhd8 17. Be2 Rh1 18. Kg2 Re1 19. Kf2 Rh1 20. Kg2 Re1 21. Kf2 Rh1 1/2-1/2

[Event "Late-Titled-Tuesday-Blitz-December-26-2023"]
[Site "Chess.com"]
[Date "2023.12.26"]
[Round "9"]
[White "Kapitan_Bayan"]
[Black "PapaieDudu"]
[Result "0-1"]
[WhiteElo "2338"]
[BlackElo "2505"]
[TimeControl "180+1"]
[EndTime "15:41:11 PST"]
[Termination "PapaieDudu won by resignation"]

1. e4 c5 2. Nf3 d6 3. d4 cxd4 4. Nxd4 Nf6 5. Nc3 a6 6. f3 e6 7. Be3 b5 8. Qd2 Nbd7 9. a4 b4 10. Na2 d5 11. Nxb4 dxe4 12. Be2 Bb7 13. O-O Bc5 14.
a5 O-O 15. f4 Qc7 16. c3 Rfd8 17. g4 e5 18. Nf5 exf4 19. Bxc5 Qxc5+ 20. Nd4 f3 21.
Bd1 Nxg4 22. Qf4 Ndf6 23. h3 Ne5 24. Kh2 Ng6 25. Qe3 Qe5+ 26. Kh1 Qg3 27. Qg1 Qxh3+ 28.
Qh2 Qxf1+ 0-1

[Event "Late-Titled-Tuesday-Blitz-December-26-2023"]
[Site "Chess.com"]
[Date "2023.12.26"]
[Round "9"]
[White "Kiborg95"]
[Black "sheldons73tshirt"]
[Result "1-0"]
[WhiteElo "2848"]
[BlackElo "2677"]
[TimeControl "180+1"]
[EndTime "15:41:16 PST"]
[Termination "Kiborg95 won by resignation"]

1. e4 c6 2. d4 d5 3. e5 Bf5 4. h4 Qb6 5. h5 h6 6. g4 Bd7 7.
Nc3 e6 8. Na4 Qd8 9. Be3 Na6 10.
c3 b5 11. Nc5 Nxc5 12. dxc5 f6 13. f4 fxe5 14. fxe5 Qc7 15. Nf3 a5 16. a4 b4 17.
cxb4 axb4 18. b3 Ne7 19. Bd3 Nc8 20. O-O Be7 21. Rc1 O-O 22. Bb1 Be8 23. Qd3 g6 24. Bxh6 Rxf3 25. Qxf3 Qxe5 26. Bxg6 1-0

[Event "Late-Titled-Tuesday-Blitz-December-26-2023"]
[Site "Chess.com"]
[Date "2023.12.26"]
[Round "9"]
[White "bazar-wokzal"]
[Black "liczner"]
[Result "1-0"]
[WhiteElo "2671"]
[BlackElo "2918"]
[TimeControl "180+1"]
[EndTime "15:41:24 PST"]
[Termination "bazar-wokzal won on time"]

1. e4 c6 2. d4 d5 3. e5 Bf5 4.
Nc3 e6 5. g4 Bg6 6. Nge2 f6 7.
Nf4 fxe5 8. dxe5 Bf7 9. g5 Qxg5 10. Qe2 Qe7 11. Bd2 Nd7 12. O-O-O O-O-O 13. h4 g6 14. Nd3 Nh6 15. Bg5 Qe8 16. Bxd8 Qxd8 17. Bh3 Bg7 18. f4 Rf8 19. Rdg1 a6 20. h5 c5 21. hxg6 hxg6 22. Nxd5 exd5 23. e6 Bd4 24. exd7+ Kb8 25. Re1 Nf5 26.
Bxf5 gxf5 27. Ne5 1-0

[Event "Late-Titled-Tuesday-Blitz-December-26-2023"]
[Site "Chess.com"]
[Date "2023.12.26"]
[Round "9"]
[White "enriquetejedor"]
[Black "dosto07"]
[Result "1-0"]
[WhiteElo "2722"]
[BlackElo "2529"]
[TimeControl "180+1"]
[EndTime "15:41:40 PST"]
[Termination "enriquetejedor won on time"]

1. b4 e5 2. Bb2 Bxb4 3. Bxe5 Nf6 4. Nf3 Nc6 5. Bb2 d5 6. e3 O-O 7. Be2 Bg4 8. O-O Re8 9. a3 Bd6 10. h3 Bh5 11. Nc3 a6 12. Nh4 Bxe2 13. Nxe2 Be5 14. Bxe5 Nxe5 15. Rb1 b5 16. Nd4 Qd7 17. Nhf3 Nxf3+ 18. Nxf3 Qd6 19. a4 c6 20. c3 Ne4 21. Nd4 Nc5 22.
axb5 cxb5 23. Ra1 Ne6 24. Qg4 Nxd4 25. Qxd4 Re4 26. Qd3 Qc6 27. Ra5 Qc4 28. Qxc4 Rxc4 29. Rfa1 g6 30. Rxa6 Rxa6 31. Rxa6 Ra4 32. Rd6 Ra1+ 33.
Kh2 Rb1 34. Rxd5 Rb2 35. Kg3 Kg7 36. d4 h5 37. h4 Kf6 38. f3 Ke6 39. e4 Rb3 40. Re5+ Kf6 41. Rc5 Ke6 42. d5+ Ke5 43.
Rc7 f5 44. Re7+ Kf6 45. Re6+ Kf7 46. Rc6 fxe4 47. fxe4 b4 48. Kf4 bxc3 49. Ke5 Ke7 50. Rc7+ Kd8 51. d6 Rb4 52. Rxc3 Rb5+ 53. Ke6 Rb6 54.
e5 Ra6 55. Rf3 1-0

[Event "Late-Titled-Tuesday-Blitz-December-26-2023"]
[Site "Chess.com"]
[Date "2023.12.26"]
[Round "9"]
[White "GoValya"]
[Black "UK_23"]
[Result "0-1"]
[WhiteElo "2291"]
[BlackElo "2353"]
[TimeControl "180+1"]
[EndTime "15:41:42 PST"]
[Termination "UK_23 won by checkmate"]

1. d4 d5 2. c4 e6 3. Nf3 Nf6 4.
Nc3 Be7 5. e3 O-O 6. Bd3 dxc4 7.
Bxc4 a6 8. a4 b6 9. O-O Bb7 10.
Bd3 Nbd7 11. e4 h6 12. Bc2 c5 13. d5 exd5 14. exd5 Bd6 15. Re1 Qc7 16. h3 Rfe8 17. Be3 Ne5 18. Nxe5 Bxe5 19. a5 b5 20. Rc1 Rad8 21.
Bb3 Bd6 22. Ne2 Rxe3 23. fxe3 Qxa5 24. Ra1 Qc7 25. Rc1 Qe7 26. Nf4 c4 27. Bc2 Bc5 28. Qf3 Qe5 29. Kh1 Re8 30. e4 Bd6 31. Rf1 g5 32. Nh5 Qh2# 0-1

[Event "Late-Titled-Tuesday-Blitz-December-26-2023"]
[Site "Chess.com"]
[Date "2023.12.26"]
[Round "9"]
[White "fugadelafuga"]
[Black "GMJustin"]
[Result "1-0"]
[WhiteElo "2427"]
[BlackElo "2239"]
[TimeControl "180+1"]
[EndTime "15:41:44 PST"]
[Termination "fugadelafuga won on time"]

1. c4 Nf6 2. Nc3 e6 3. g3 d5 4. cxd5 exd5 5. d4 c6 6. Bg2 Bf5 7. Nf3 Bd6 8. O-O O-O 9. Nh4 Bg4 10. h3 Be6 11. Nf3 h6 12. Ne5 Ne4 13. Nxe4 dxe4 14. b3 Bd5 15. Nc4 Bc7 16. Ne3 Nd7 17. Nxd5 cxd5 18.
Ba3 Re8 19. Rc1 f5 20. e3 Rc8 21. Qd2 Qf6 22. Qb4 Nb6 23. Rc2 Bd6 24. Rxc8 Nxc8 25.
Qa4 Rd8 26. Bxd6 Qxd6 27. Rc1 a6 28. Qa5 1-0